 Dungeon Crawl Stone Soup version 0.27.1-34-g3ba077fa99 (webtiles) character file.

Game seed: 10490047999408457743

93 LLlMATKO the Skirmisher (level 4, -2/61 HPs)
             Began as a Minotaur Berserker on Jan 21, 2022.
             Was a Believer of Trog.
             Succumbed to Ijyb's poison
             ... while paralysed by Ijyb
             ... on level 3 of the Dungeon.
             The game lasted 00:02:28 (1724 turns).

LLlMATKO the Skirmisher (Minotaur Berserker)        Turns: 1724, Time: 00:02:29

Health: -2/61      AC:  6    Str: 21    XL:     4   Next: 36%
Magic:  3/3        EV:  2    Int:  4    God:    Trog [**....]
Gold:   105        SH:  0    Dex: 11    Spells: 3/3 levels left

rFire    . . .     SeeInvis .   a - +0 hand axe
rCold    . . .     Faith    .   (no shield)
rNeg     . . .     Spirit   .   q - +0 scale mail
rPois    .         Reflect  .   (helmet restricted)
rElec    .         Harm     .   (no cloak)
rCorr    .         Rampage  .   (no gloves)
Will     .....                  (no boots)
Stlth    ..........             (no amulet)
HPRegen  0.20/turn              (no ring)
MPRegen  0.08/turn              (no ring)

@: paralysed, berserking, lethally poisoned (-2 -> -21)
A: horns 2, retaliatory headbutt
a: Renounce Religion, Berserk, Trog's Hand


You were on level 3 of the Dungeon.
You worshipped Trog.
Trog was pleased with you.
You visited 1 branch of the dungeon, and saw 3 of its levels.

You collected 105 gold pieces.

Inventory:

Hand Weapons
 a - a +0 hand axe (weapon)
Missiles
 c - 8 silver javelins (quivered)
 d - 58 sling bullets
 j - 27 bolts
 p - 50 stones
Armour
 q - a +0 scale mail (worn)
Jewellery
 b - a ring of resist corrosion
Wands
 n - a wand of digging (8)
Scrolls
 e - a scroll of vulnerability {unknown}
 f - 2 scrolls of noise {unknown}
 m - a scroll of amnesia {unknown}
Potions
 g - 2 potions of haste {unknown}
 h - 2 potions of attraction {unknown}
 i - a potion of flight {unknown}
 l - 2 potions of brilliance {unknown}
 o - a potion of might {unknown}


   Skills:
 + Level 4.4 Fighting
 + Level 4.4 Axes
 + Level 3.4 Armour
 + Level 3.2 Dodging


You had 3 spell levels left.
You didn't know any spells.
Your spell library was empty.

Dungeon Overview and Level Annotations

Branches:
Dungeon (3/15)

Altars:
The Shining One

Shops:
D:2 ?

Annotations:
D:3 Ijyb


Innate Abilities, Weirdness & Mutations

You have a pair of horns on your head.
You reflexively headbutt those who attack you in melee.


Message History

You hit the quokka. The adder barely misses you. The quokka barely misses you.
You slash the quokka!
You kill the quokka!
Trog accepts your kill.
You completely miss the adder. The adder barely misses you.
You furiously retaliate!
You headbutt the adder!
You kill the adder!
Trog accepts your kill.
You now have 105 gold pieces (gained 14).
Ijyb the Twisted Goblin comes into view.
She is wielding a +2 dagger of venom and carrying a wand of paralysis (5).
Ijyb shouts!
Ijyb hits you with a +2 dagger of venom.
You are poisoned.
You closely miss Ijyb.
You feel very sick.
Ijyb hits you with a +2 dagger of venom.
You are more poisoned.
You closely miss Ijyb.
You feel very sick.
Ijyb hits you with a +2 dagger of venom.
You are lethally poisoned!
A red film seems to cover your vision as you go berserk!
You feel yourself moving faster!
You feel mighty!
You feel extremely sick.
Ijyb hits you with a +2 dagger of venom.
You barely miss Ijyb. Your headbutt misses Ijyb.
* * * LOW HITPOINT WARNING * * *
You feel very sick.
Ijyb hits you with a +2 dagger of venom.
* * * LOW HITPOINT WARNING * * *
You are more poisoned.
You hit Ijyb. Your headbutt misses Ijyb.
Ijyb is lightly wounded.
* * * LOW HITPOINT WARNING * * *
You feel very sick.
Ijyb zaps a wand.
You suddenly lose the ability to move!
* * * LOW HITPOINT WARNING * * *
You feel very sick.
Ijyb zaps a wand.
You resist with some effort.
You die...

#.......#####
#<#...#.# #
#...#.## #......#
#...#..##
.#.......#
.........#
###.####..# ...
#g@..#
##.........# #
.......#...##
#.#######.......#
..........#####.#
#################
.#
................#
..
.###.)#######...#
#. #.....#
#.....#


You could see Ijyb.

Vanquished Creatures
  Robin (D:3)
  An adder (D:3)
  A worm (D:2)
  6 endoplasms
  3 giant cockroaches
  10 goblins
  10 hobgoblins
  6 quokkas
  5 ball pythons
  6 bats
  7 frilled lizards
  2 kobolds
  2 rats
60 creatures vanquished.

Notes
Turn   | Place    | Note
-------+----------+-------------------------------------------
     0 | D:1      | LLlMATKO the Minotaur Berserker began the quest for the
                  | Orb.
     0 | D:1      | Reached XP level 1. HP: 19/19 MP: 0/0
   238 | D:1      | Reached XP level 2. HP: 26/27 MP: 1/1
   363 | D:1      | Found Vawkips's Antique Weapon Emporium.
   562 | D:1      | Found a faded altar of an unknown god.
   583 | D:1      | Reached XP level 3. HP: 29/33 MP: 2/2
   686 | D:2      | Found Ifement's Magic Scroll Boutique.
   687 | D:2      | Reached ** piety under Trog
  1548 | D:3      | Noticed Robin
  1556 | D:3      | Killed Robin
  1557 | D:3      | Reached XP level 4. HP: 31/40 MP: 3/3
  1666 | D:3      | Found a glowing golden altar of the Shining One.
  1716 | D:3      | Noticed Ijyb
  1722 | D:3      | Paralysed by Ijyb for 2 turns
  1723 | D:3      | HP: 3/61 [poisoned by Ijyb]
  1724 | D:3      | Succumbed to Ijyb's poison

Illustrated notes

Levels and vault maps discovered:
D:1:      roderic_dead_forest, layout_rooms, serial_shops,
          nicolae_shop_behind_doors, dilly_ecumenical_altar_fadedgnrine
D:2:      layout_rooms, serial_shops, nicolae_diamond_shop
D:3:      layout_loops_cross, mainiacjoe_overflow_concentric_impassable,
          serial_co_window_serial, co_window_of_opportunity_a,
          co_window_of_opportunity_a, co_window_corner_a,
          co_window_of_opportunity_a, co_window_paths_b, co_window_corner_ca,
          co_window_2corner, co_window_paths_c, co_window_broadway_c,
          co_window_corner_b, glass_columns_a, glass_columns_a, glass_columns_b,
          glass_columns_c, uniq_robin, uniq_sigmund, uniq_ijyb

Skill      XL: |  1  2  3 |
---------------+----------+-----
Fighting       | 4 |  4.4
Axes           | 4 |  4.4
Armour         | 3 |  3.4
Dodging        | 3 |  3.2

Action                   |  1- 3 |  4- 6 || total
-------------------------+-------+-------++-------
Melee: Hand axe          |    74 |    27 ||   101
       Headbutt          |    10 |     1 ||    11
Invok: Berserk           |     1 |     1 ||     2
Armor: Animal skin       |    12 |       ||    12
       Scale mail        |     9 |     6 ||    15
Dodge: Dodged            |    50 |    12 ||    62
